Map: Rhoskallian LE

Players

LoNzrEt

  • Race: Terran Terran
  • League: Silver
  • Spawn Location: 11:00

SraLL

  • Race: Protoss Protoss
  • Spawn Location: 12:00

Nyck - Winner!

  • Race: Terran Terran
  • Spawn Location: 5:00

Ekelpack - Winner!

  • Race: Zerg Zerg
  • Spawn Location: 6:00

VOD

Have the link to the VOD?

Description

Time

  • Played on: Nov. 16, 2020, 12:15 p.m.
  • Length: 26:04
Show
View Real Time Build Order
Export as new Build Order

LoNzrEt Terran 

Build Orders: 1/1/1, Mech 

Get SALT Encoding   

  12  0:00  SCV  
  13  0:17  Supply Depot  
  13  0:18  SCV  
  14  0:26  Refinery  
  14  0:40  Barracks  
  14  0:43  SCV  
  15  0:55  SCV  
  16  1:07  SCV  
  16  1:11  Refinery  
  17  1:19  SCV  
  18  1:31  SCV  
  19  1:33  Factory  
  19  1:38  Supply Depot  
  19  1:43  SCV  
  19  1:45  Marine  
  21  1:55  SCV  
  22  2:08  Orbital Command  
  22  2:17  Starport  
  22  2:18  Factory Reactor  
  22  2:36  Armory  
  22  2:55  Widow Mine  
  22  2:56  Widow Mine  
  26  3:01  Medivac  
  28  3:10  Supply Depot  
  28  3:16  Marine  
  28  3:17  Widow Mine  
  31  3:21  Supply Depot  
  31  3:32  Widow Mine  
  33  3:44  Supply Depot  
  33  3:59  Starport Tech Lab  
  33  4:03  Barracks Reactor  
  33  4:07  Engineering Bay  
  33  4:16  Supply Depot  
  29  4:55  Engineering Bay, Neosteel Armor  
  29  4:59  Supply Depot  
  29  5:02  Command Center  
  29  5:28  Factory  
  29  5:31  Factory  
  29  5:48  Supply Depot  
  29  5:54  Sensor Tower  
  29  5:55  SCV  
  30  6:04  Widow Mine  
  30  6:07  SCV  
  31  6:12  Factory Tech Lab  
  31  6:16  Factory Tech Lab  
  31  6:19  SCV  
  32  6:31  SCV  
  29  6:42  SCV  
  29  6:43  SCV  
  31  6:54  SCV  
  32  6:55  SCV  
  33  7:02  Thor  
  39  7:12  Armory  
  39  7:20  Orbital Command  
  39  7:29  Refinery  
  39  7:31  SCV  
  40  7:43  SCV  
  41  7:49  Thor  
  47  7:57  Refinery  
  47  8:10  Command Center  
  47  8:15  Thor  
  53  8:29  SCV x2  
  55  8:39  Terran Vehicle And Ship Armor Level 1, Terran Vehicle Weapons Level 1  
  55  8:41  SCV x2  
  57  8:53  SCV  
  57  8:54  SCV, Command Center  
  59  9:05  SCV  
  59  9:06  SCV  
  61  9:24  SCV x3  
  61  9:30  Refinery  
  64  9:34  Siege Tank  
  64  9:35  Siege Tank  
  64  9:36  SCV x3, Thor  
  79  9:48  SCV x2  
  79  9:50  Factory  
  81  9:54  Smart Servos  
  81  9:57  Infernal Pre-Igniter  
  81  10:02  SCV  
  81  10:06  Hellbat  
  84  10:07  Hellion  
  84  10:08  SCV x2, Refinery  
  84  10:13  Orbital Command  
  88  10:14  SCV  
  88  10:20  SCV  
  90  10:25  SCV  
  90  10:26  SCV  
  92  10:32  SCV  
  93  10:37  SCV  
  93  10:38  SCV  
  93  10:39  Hellbat x2  
  93  10:41  Siege Tank  
  93  10:42  Factory Reactor  
  102  10:47  Factory  
  102  11:10  Supply Depot  
  102  11:18  Orbital Command  
  102  11:26  Siege Tank  
  102  11:27  Siege Tank  
  102  11:30  Command Center  
  108  11:33  Supply Depot  
  108  11:49  Siege Tank  
  108  11:53  Terran Vehicle Weapons Level 2, Terran Vehicle And Ship Armor Level 2  
  111  11:56  Supply Depot  
  111  11:59  Siege Tank, Thor  
  120  12:14  Factory Reactor  
  120  12:19  Supply Depot  
  120  12:21  Siege Tank  
  123  12:42  Supply Depot  
  123  12:50  Supply Depot  
  123  12:53  Supply Depot  
  123  12:54  Supply Depot  
  123  13:07  Sensor Tower  
  123  13:13  Orbital Command  
  123  13:14  Supply Depot  
  123  13:16  Siege Tank x2  
  123  13:17  Thor  
  137  13:22  Hellbat x2  
  139  13:44  Hellion, Hellbat  
  139  13:48  Thor x2  
  149  13:51  Hellbat  
  149  13:52  Hellbat  
  159  14:00  Hellbat  
  161  14:10  Terran Vehicle Weapons Level 3, Terran Vehicle And Ship Armor Level 3  
  161  14:15  SCV x2  
  161  14:16  SCV x3, Refinery  
  166  14:23  Medivac x2  
  170  14:27  SCV  
  171  14:53  Medivac  
  171  14:54  Hellbat x2  
  171  14:55  Siege Tank  
  171  14:56  Siege Tank  
  183  15:19  Refinery  
  183  15:23  Command Center  
  183  15:26  Siege Tank  
  183  15:27  Siege Tank  
  183  15:28  Thor  
  189  15:32  Hellion x2  
  195  16:35  Orbital Command  
  189  17:20  Thor  
  195  17:29  Siege Tank  
  187  18:26  Siege Tank  
  187  18:27  Siege Tank  
  191  18:28  Siege Tank  
  194  18:58  Siege Tank  
  194  18:59  Siege Tank  
  200  19:33  Supply Depot  
  197  19:56  Supply Depot  
  197  20:20  Supply Depot  
  192  20:50  Thor  
  198  21:38  Command Center  
  194  22:53  Orbital Command, Thor x6  
  185  23:25  Siege Tank x2  
  185  23:26  Siege Tank  
  80  23:57  Thor x2  
  80  23:58  Thor  
  93  24:40  Thor  
  99  24:49  Widow Mine x3  
  99  24:50  Widow Mine  
  107  25:10  Siege Tank  
  107  25:11  Siege Tank  
Show
View Real Time Build Order
Export as new Build Order

SraLL Protoss 

Build Orders: Oracle Opening 

Get SALT Encoding   

  12  0:00  Probe  
  13  0:16  Pylon  
  13  0:19  Probe  
  14  0:36  Gateway  
  14  0:37  Probe  
  14  0:41  Assimilator  
  15  0:49  Probe  
  16  0:57  Assimilator  
  16  1:01  Probe  
  17  1:13  Probe  
  18  1:25  Probe  
  19  1:26  Cybernetics Core  
  19  1:28  Gateway  
  19  1:37  Probe  
  20  1:41  Zealot  
  22  1:49  Probe  
  23  2:13  Pylon  
  23  2:18  Pylon  
  23  2:24  Pylon  
  23  2:26  Stargate  
  23  2:31  Probe  
  24  2:39  Nexus  
  22  3:11  Oracle  
  25  3:19  Adept x2  
  29  3:24  Robotics Facility  
  29  4:00  Probe  
  30  4:07  Pylon  
  30  4:13  Probe  
  31  4:22  Pylon  
  31  4:25  Probe  
  32  4:37  Probe  
  33  4:49  Probe  
  34  5:13  Forge  
  34  5:31  Stargate  
  34  5:32  Stargate  
  34  5:34  Stargate  
  34  5:37  Warp Gate  
  35  5:44  Observer  
  35  5:50  Photon Cannon  
  35  5:51  Probe  
  35  5:54  Assimilator  
  35  5:56  Assimilator  
  36  6:01  Photon Cannon  
  36  6:03  Probe  
  38  6:05  Observer, Photon Cannon  
  38  6:07  Photon Cannon x2  
  38  6:08  Photon Cannon  
  38  6:11  Photon Cannon  
  38  6:15  Probe  
  38  6:16  Photon Cannon  
  54  6:18  Phoenix  
  39  6:23  Phoenix  
  39  6:25  Phoenix  
  46  6:27  Observer, Probe  
  46  6:29  Phoenix  
  50  6:40  Probe  
  51  6:48  Observer  
  50  7:18  Phoenix x2  
  50  7:19  Phoenix x2  
  58  7:27  Probe  
  59  7:39  Probe  
  59  7:40  Protoss Air Weapons Level 1, Photon Cannon  
  60  7:51  Probe  
  60  8:03  Probe  
  58  8:15  Probe  
  59  8:40  Phoenix x4  
  66  8:52  Pylon  
  66  8:53  Assimilator  
  63  10:33  Phoenix  
  63  10:34  Phoenix x3  
  71  10:57  Protoss Shields Level 1  
  71  10:58  Phoenix  
  71  10:59  Phoenix x2  
  77  11:06  Pylon  
  77  11:10  Pylon  
  77  11:13  Pylon  
  77  11:16  Pylon  
  77  11:24  Phoenix  
  69  12:49  Robotics Bay  
  69  12:57  Robotics Facility x2  
  69  13:00  Robotics Facility  
  69  13:03  Robotics Facility  
  69  13:30  Pylon x2  
  69  13:32  Pylon  
  69  13:33  Pylon  
  69  13:34  Pylon x2  
  69  13:38  Extended Thermal Lance  
  69  13:49  Colossus  
  69  13:50  Colossus x4  
  99  14:13  Protoss Ground Weapons Level 1  
  99  14:16  Twilight Council  
  99  14:43  Colossus x3  
  99  14:44  Colossus x2  
  117  15:40  Observer  
  117  16:02  Observer  
  118  16:23  Gravitic Boosters, Observer  
  118  16:24  Protoss Shields Level 2  
  119  16:44  Disruptor  
  119  16:45  Disruptor x2  
  119  16:46  Disruptor  
  48  18:28  Colossus  
  48  18:29  Colossus x4  
  78  18:57  Protoss Ground Weapons Level 2  
  63  19:22  Colossus x3  
  63  19:23  Colossus x2  
  84  20:14  Fleet Beacon  
  84  20:15  Colossus  
  91  21:13  Observer  
  92  21:34  Observer  
  93  21:56  Observer  
  27  23:01  Carrier x4  
Show
View Real Time Build Order
Export as new Build Order

Nyck Terran - Winner!

Build Orders: 2 Factory, Mech 

Get SALT Encoding   

  12  0:02  SCV  
  13  0:15  Supply Depot  
  13  0:18  SCV  
  14  0:33  SCV  
  15  0:39  Barracks  
  15  0:48  Refinery  
  15  0:52  SCV  
  15  0:55  Refinery  
  16  1:04  SCV  
  17  1:16  SCV  
  18  1:36  Factory  
  18  1:39  Orbital Command  
  18  1:55  Factory  
  18  2:05  SCV  
  19  2:15  Supply Depot  
  19  2:19  SCV  
  20  2:24  Factory Tech Lab  
  20  2:31  SCV  
  21  2:40  Barracks Tech Lab  
  21  2:44  SCV  
  21  2:47  Siege Tank  
  25  2:56  SCV  
  25  2:58  Supply Depot  
  26  3:11  Siege Tank  
  29  3:16  Barracks Tech Lab  
  29  3:18  SCV  
  30  3:24  Supply Depot  
  30  3:38  Siege Tank  
  33  3:56  Command Center  
  33  4:03  SCV  
  34  4:13  Siege Tank  
  37  4:17  Siege Tank  
  32  5:02  Engineering Bay  
  32  5:03  Marine  
  31  5:10  SCV  
  28  5:34  SCV  
  29  5:37  Orbital Command  
  29  5:46  SCV  
  29  5:47  Siege Tank  
  33  5:58  SCV  
  34  6:08  Missile Turret  
  34  6:10  SCV  
  35  6:12  SCV  
  36  6:22  SCV  
  36  6:25  SCV  
  38  6:30  Missile Turret  
  38  6:34  SCV  
  38  6:37  Missile Turret  
  38  6:38  SCV  
  40  6:49  Armory  
  40  6:50  SCV x2  
  42  6:57  Missile Turret  
  42  7:02  SCV  
  42  7:07  Missile Turret  
  43  7:17  SCV x2, Missile Turret  
  45  7:24  Refinery  
  45  7:29  SCV  
  46  7:36  Thor  
  52  7:39  Factory  
  52  7:40  Thor  
  52  7:41  SCV  
  59  7:53  SCV  
  59  7:54  SCV  
  61  8:05  SCV  
  62  8:13  Supply Depot  
  62  8:26  Terran Vehicle And Ship Armor Level 1  
  62  8:34  SCV x2, Reaper  
  62  8:37  Supply Depot  
  65  8:46  SCV x2  
  65  8:48  Command Center  
  67  8:58  SCV x2, Thor  
  75  9:03  Supply Depot  
  75  9:10  SCV x2  
  77  9:23  SCV  
  78  9:26  Smart Servos  
  78  9:27  Supply Depot  
  78  9:35  SCV x2, Armory  
  80  9:43  Thor  
  86  9:49  Thor  
  86  9:50  Supply Depot  
  92  9:59  Thor  
  98  10:05  SCV x2  
  100  10:30  Thor  
  100  10:33  Terran Vehicle And Ship Armor Level 2  
  106  10:35  Terran Vehicle Weapons Level 1  
  106  11:02  Hi-Sec Auto Tracking  
  106  11:04  SCV x2  
  106  11:07  Thor  
  114  11:21  SCV x2  
  116  11:28  Planetary Fortress  
  116  11:37  SCV  
  117  11:45  Supply Depot  
  117  11:56  Supply Depot  
  117  12:01  SCV  
  117  12:02  SCV  
  117  12:06  Thor  
  117  12:08  Supply Depot  
  121  12:12  SCV  
  121  12:13  SCV  
  123  12:28  Thor  
  123  12:29  Thor  
  135  12:31  Supply Depot  
  135  12:38  SCV  
  135  12:41  Refinery  
  136  12:44  SCV x2  
  136  12:50  SCV, Refinery  
  139  12:51  Refinery  
  139  12:52  Thor  
  139  12:54  Supply Depot  
  139  12:56  SCV x2  
  147  13:05  Terran Vehicle Weapons Level 2  
  147  13:08  SCV  
  148  13:20  SCV  
  148  13:21  Factory  
  149  13:32  SCV  
  150  13:48  Thor  
  156  14:06  Supply Depot  
  156  14:12  Supply Depot  
  156  14:17  Command Center  
  156  14:25  Terran Vehicle And Ship Armor Level 3  
  156  14:33  Thor  
  156  14:34  Hellion  
  156  14:35  Supply Depot  
  156  14:37  Neosteel Armor  
  164  14:54  Factory  
  164  14:56  Thor, Factory Tech Lab  
  164  14:57  Hellion  
  164  14:58  Supply Depot  
  172  15:19  Missile Turret  
  172  15:20  Supply Depot, Hellion x2  
  174  15:39  Thor  
  174  15:40  Missile Turret  
  174  15:41  Refinery, Hellion x2  
  174  15:42  Supply Depot  
  184  15:43  Refinery  
  184  15:44  Planetary Fortress  
  184  15:55  Terran Vehicle Weapons Level 3  
  184  15:59  Missile Turret  
  184  16:00  Factory Tech Lab  
  184  16:02  Hellion x2  
  188  16:19  Missile Turret  
  188  16:22  Hellion  
  189  16:50  Thor  
  189  18:29  Thor  
  195  19:13  SCV x4  
  192  20:00  SCV x3  
  192  20:01  SCV  
  193  20:40  Missile Turret  
  193  20:47  Factory  
  185  21:01  Command Center  
  185  21:10  Thor x2  
  197  21:31  Factory  
  197  22:16  Refinery, Factory  
  197  22:29  Refinery  
  197  22:59  Factory Tech Lab x3  
  197  23:02  Factory  
  197  23:04  Planetary Fortress  
  179  23:33  Thor x2  
  179  23:34  Thor  
  149  23:37  Thor x2  
  149  23:38  Thor  
  107  23:49  Factory  
  107  23:55  Factory Tech Lab  
  107  24:15  Missile Turret  
  107  24:16  Thor x2  
  119  24:27  Thor  
  119  24:28  Thor x2  
  119  24:29  Thor x2  
  149  24:36  Factory  
  149  24:39  Factory Tech Lab  
  149  24:59  Thor x2  
  161  25:03  Thor  
  167  25:10  Thor x2  
  167  25:11  Thor x2  
  167  25:12  Thor  
  197  25:21  Factory  
Show
View Real Time Build Order
Export as new Build Order

Ekelpack Zerg - Winner!

Build Orders: Hatch First, Swarm Host 

Get SALT Encoding   

  12  0:00  Drone  
  13  0:13  Overlord  
  13  0:18  Drone  
  14  0:32  Drone  
  15  0:50  Hatchery  
  15  0:51  Drone  
  15  0:55  Drone  
  16  0:59  Drone  
  16  1:03  Drone  
  18  1:18  Spawning Pool  
  18  1:20  Drone  
  18  1:27  Drone  
  18  1:29  Extractor  
  18  1:35  Drone  
  19  1:45  Overlord  
  19  2:05  Queen  
  19  2:07  Drone  
  19  2:08  Drone  
  25  2:12  Drone  
  26  2:20  Drone  
  27  2:27  Drone  
  27  2:29  Drone  
  29  2:31  Zergling x2  
  29  2:36  Zergling x2  
  31  2:42  Lair  
  29  2:44  Zergling x2  
  29  2:49  Drone  
  30  3:07  Zergling x2  
  30  3:08  Zergling x4  
  30  3:11  Queen  
  35  3:14  Overlord  
  35  3:19  Extractor  
  34  3:22  Metabolic Boost  
  34  3:25  Drone x2  
  36  3:37  Drone x4  
  36  3:40  Extractor  
  39  3:43  Drone  
  39  3:45  Extractor  
  39  3:56  Drone x4  
  39  3:57  Overlord x2  
  43  4:05  Spire  
  42  4:10  Queen  
  42  4:15  Overlord  
  44  4:18  Drone  
  38  5:10  Queen  
  40  5:20  Mutalisk x5  
  50  5:21  Drone x3  
  50  5:22  Drone, Overlord x2  
  54  5:32  Drone x3  
  54  5:33  Overlord  
  54  5:35  Zerg Flyer Weapons Level 1  
  55  5:58  Drone x2  
  55  5:59  Drone x2  
  56  6:07  Drone  
  55  6:13  Overseer  
  55  6:17  Mutalisk x2  
  59  6:37  Overlord  
  59  6:39  Mutalisk x2  
  63  6:41  Zergling x4  
  63  6:45  Hatchery  
  64  7:15  Drone x3  
  67  7:21  Hydralisk Den  
  66  7:53  Hydralisk x5  
  66  7:54  Hydralisk  
  78  8:00  Extractor  
  78  8:03  Extractor  
  76  8:14  Drone x2  
  78  8:20  Mutalisk  
  78  8:21  Hydralisk x5  
  78  8:23  Overlord x4  
  90  8:40  Grooved Spines  
  90  8:42  Drone x5  
  95  8:54  Drone x5  
  95  8:55  Drone x3  
  103  9:09  Hydralisk  
  103  9:10  Hydralisk x4  
  103  9:13  Queen  
  105  9:37  Muscular Augments  
  101  9:56  Evolution Chamber  
  101  9:58  Evolution Chamber  
  93  10:00  Hydralisk x3  
  93  10:01  Hydralisk x6  
  93  10:02  Hydralisk  
  93  10:03  Overlord x3  
  109  10:28  Spore Crawler  
  108  10:38  Overlord  
  108  10:39  Overlord, Hydralisk x5  
  108  10:40  Hydralisk x3  
  124  10:47  Zerg Missile Weapons Level 1  
  124  10:48  Zerg Ground Armor Level 1  
  124  11:00  Hydralisk x3  
  124  11:02  Hatchery  
  129  11:06  Drone x2  
  129  11:10  Drone  
  132  11:33  Drone  
  128  11:50  Drone x3  
  128  11:51  Drone  
  132  12:18  Drone x2  
  132  12:19  Drone x2, Overlord x4  
  132  12:20  Overlord x2  
  136  12:30  Overlord x3  
  136  12:31  Drone  
  136  12:32  Drone x3  
  136  12:34  Overseer  
  140  12:46  Zerg Missile Weapons Level 2  
  140  12:48  Zerg Ground Armor Level 2  
  140  12:50  Drone  
  140  12:51  Drone x2  
  143  12:53  Drone x3  
  146  13:12  Infestation Pit  
  146  13:16  Extractor, Hydralisk x3  
  146  13:17  Hydralisk x6  
  146  13:18  Hydralisk x4  
  170  13:53  Hive  
  170  14:01  Swarm Host x6  
  170  14:02  Swarm Host x2  
  200  14:20  Hatchery  
  199  15:40  Zerg Missile Weapons Level 3, Zerg Ground Armor Level 3  
  199  15:58  Burrow  
  199  16:52  Hatchery  
  196  16:57  Swarm Host  
  199  17:05  Greater Spire  
  199  17:50  Ultralisk Cavern  
  97  18:19  Hydralisk x3  
  93  18:20  Hydralisk x6  
  93  18:21  Hydralisk x7  
  93  18:22  Hydralisk x7  
  93  18:23  Hydralisk x7  
  93  18:24  Hydralisk x7  
  167  18:29  Queen  
  169  18:36  Zerg Melee Weapons Level 1  
  169  18:40  Ultralisk x2  
  169  18:41  Ultralisk x3  
  199  19:10  Zerg Flyer Weapons Level 2  
  199  19:26  Chitinous Plating  
  199  19:31  Extractor  
  199  19:32  Extractor  
  136  19:40  Zergling x6  
  136  19:41  Zergling x14  
  136  19:42  Zergling x4  
  114  19:51  Zergling x2  
  114  19:52  Adrenal Glands  
  115  19:53  Zergling x4  
  115  19:54  Zergling x14  
  115  19:55  Zergling x14  
  115  19:56  Zergling x12  
  115  19:57  Zergling x6  
  140  20:04  Ultralisk x3  
  158  20:12  Overseer  
  158  20:35  Zerg Melee Weapons Level 2  
  158  20:44  Hatchery, Anabolic Synthesis  
  157  21:39  Zergling x2  
  159  21:40  Zergling x14  
  159  21:41  Zergling x14  
  159  21:42  Zergling x12  
  159  21:43  Zergling x16  
  159  21:44  Zergling x8  
  190  21:48  Zerg Flyer Weapons Level 3  
  106  22:47  Ultralisk x7  
  106  22:48  Zergling x2, Ultralisk x4  
  106  22:49  Zergling x12  
  106  22:50  Zergling x10  
  145  23:20  Zergling x6  
  145  23:21  Zergling x12  
  145  23:22  Zergling x2  
  152  23:30  Zergling x2  
  152  23:31  Zergling x12  
  152  23:32  Zergling x2  
  142  24:10  Extractor  
  142  24:11  Extractor  
  140  24:33  Zergling x8  
  140  24:34  Zergling x12  
  140  24:35  Zergling x12  
  140  24:36  Zergling x12  
  140  24:37  Zergling x2  
  163  24:50  Corruptor x2  
  163  24:51  Corruptor x5  
  177  24:52  Zergling x2  
  177  24:53  Zergling x2  
  176  25:21  Corruptor  
  176  25:23  Zergling x2  
  176  25:24  Zergling x4  
Tags
 
Add a new tag
Caveats
  • Supply blocks, unpowered buildings, or Contaminate may cause inaccurate times.
  • Supply counts are checked every 10 seconds.